 Dungeon Crawl Stone Soup version 0.17.2-1-ge4368a0 (webtiles) character file.

31 Goblin1989 the Sneak (level 3, -1/18 HPs)
             Began as a Spriggan Assassin on Sept 28, 2017.
             Slain by a gnoll
             ... wielding a +0 whip
              (10 damage)
             ... on level 2 of the Dungeon.
             The game lasted 00:01:53 (642 turns).

Goblin1989 the Sneak (Spriggan Assassin)             Turns: 642, Time: 00:01:53

Health: -1/18      AC:  3    Str:  7    XL:     3   Next: 7%
Magic:  4/4        EV: 17    Int: 12    God:
Gold:   40         SH:  0    Dex: 18    Spells: 0 memorised, 2 levels left

rFire  . . .     SeeInvis +     a - +2 dagger
rCold  . . .     Clarity  .     c - +0 robe
rNeg   . . .     SustAt   .     (shield restricted)
rPois  .         Gourm    .     (helmet restricted)
rElec  .         Spirit   .     d - +0 cloak
rCorr  +         Warding  .     (gloves unavailable)
rMut   .         Stasis   .     (boots unavailable)
MR     .....                    g - amulet of resist corrosion
Stlth  ++++......               (no ring)
                                (no ring)

@: very quick, not resistant to hostile enchantments, stealthy
A: unfitting armour, see invisible, herbivore 3, speed 3, slow metabolism 2
a: no special abilities


You were on level 2 of the Dungeon.
You were not hungry.

You visited 1 branch of the dungeon, and saw 2 of its levels.

You collected 40 gold pieces.

Inventory:

Hand Weapons
 a - a +2 dagger (weapon)
 w - a +0 blowgun {@w1}
Missiles
 b - 22 stones (quivered)
 f - 2 curare-tipped needles
 k - 8 poisoned needles
Armour
 c - a +0 robe (worn)
 d - a +0 cloak (worn)
Jewellery
 g - an amulet of resist corrosion (around neck)
 l - an amulet of the gourmand {unknown}
Scrolls
 h - a scroll of enchant armour {unknown}
 j - 2 scrolls of immolation {unknown}
Comestibles
 e - 3 bread rations {@e1}
 i - 4 fruits


   Skills:
 + Level 2.0 Fighting
 * Level 3.1 Short Blades
 - Level 2.0 Throwing
 + Level 1.7 Dodging
 + Level 6.2 Stealth


You had 2 spell levels left.
You didn't know any spells.

Dungeon Overview and Level Annotations

Branches:
Dungeon (2/15)

Altars:


Innate Abilities, Weirdness & Mutations

You are tiny and cannot use many weapons and most armour.
You have supernaturally acute eyesight.
You are a herbivore.
You cover ground extremely quickly.
You need consume almost no food.


Message History

No target in view!
No target in view!
No target in view!
No target in view!
No target in view!
No target in view!
No target in view!
No target in view!
No target in view!
No target in view!
No target in view!
Done exploring.
Done exploring.
Done exploring.
(D) Dungeon
Where to? (? - help)
There is a stone staircase leading down here.
You climb downwards.
There is a stone staircase leading up here.
You open the door.
An adder comes into view.
There is an open door here.
An adder is nearby!
You see here 8 arrows.
The helpless adder fails to defend itself.
You impale the adder!!
You kill the adder!
Your Fighting skill increases to level 2!
Your Short Blades skill increases to level 3!
You have reached level 3!
Your experience leads to an increase in your attributes!
Increase (S)trength, (I)ntelligence, or (D)exterity?
You feel agile.
You regained 2 hp, and now have 16/18 hp.
MP restored: 4 Unknown command.
A gnoll comes into view. It is wielding a spear.
A gnoll is nearby!
A gnoll comes into view. It is wielding a whip.
A gnoll comes into view. It is wielding a club.
The gnoll shouts!
A gnoll comes into view. It is wielding a whip.
The gnoll moves out of view.
The gnoll hits you from afar with a spear.
A bat comes into view.
You take 5 damage, and have 12/18 hp.
O_OOPS!!
MASSIVE DAMAGE!!
You barely miss the gnoll.
The gnoll shouts! x2
The gnoll closely misses you.
You hit the gnoll.
The gnoll is moderately wounded.
The gnoll barely misses you. The gnoll misses you.
You closely miss the gnoll.
The gnoll is moderately wounded.
The gnoll hits you with a club. The gnoll hits you with a whip.
The gnoll closely misses you.
You are too injured to fight recklessly!
You take 3 damage, and have 9/18 hp.
You are too injured to fight recklessly!
You are too injured to fight recklessly!
You are too injured to fight recklessly!
You are too injured to fight recklessly!
You are too injured to fight recklessly!
You are too injured to fight recklessly!
You are too injured to fight recklessly!
You are too injured to fight recklessly!
You are too injured to fight recklessly!
You are too injured to fight recklessly!
You are too injured to fight recklessly!
You are too injured to fight recklessly!
You are too injured to fight recklessly!
You are too injured to fight recklessly!
You are too injured to fight recklessly!
You are too injured to fight recklessly!
You are too injured to fight recklessly!
You are too injured to fight recklessly!
You are too injured to fight recklessly!
You are too injured to fight recklessly!
You are too injured to fight recklessly!
You are too injured to fight recklessly!
You are too injured to fight recklessly!
You are too injured to fight recklessly!
A worm comes into view.
The bat hits you but does no damage. The bat misses you.
The bat hits you but does no damage.
You hit the bat.
You kill the bat!
You see here a bat corpse.
You hit the gnoll.
The gnoll is moderately wounded.
The gnoll misses you.
You hit the gnoll but do no damage.
The gnoll is moderately wounded.
The gnoll misses you.
You hit the gnoll.
The gnoll is severely wounded.
The gnoll hits you with a whip!
Ouch! That really hurt!
You die... █gg...█ █....(█ █.....█ █.....█ █g█████ █g█ ██████ █g█ █....█ █g█

█....█ █@█
█....█ █†█
█....█ █.█
█....████.█
█.......█.█
█....█.██.█
█..(.█.██.█
█....█.██.█
█.........█


You could see 4 gnolls.

Vanquished Creatures
  An adder (D:2)
  A giant gecko (D:1)
  6 bats
  A giant cockroach (D:1)
  2 hobgoblins (D:1)
  3 jackals (D:1)
  2 giant newts (D:1)
  2 kobolds (D:1)
  2 rats (D:1)
20 creatures vanquished.

Notes
Turn   | Place    | Note
--------------------------------------------------------------
     0 | D:1      | Goblin1989 the Spriggan Assassin began the quest for the Orb.
     0 | D:1      | Reached XP level 1. HP: 10/10 MP: 2/2
   156 | D:1      | Reached XP level 2. HP: 2/15 MP: 3/3
   173 | D:1      | Reached skill level 6 in Stealth
   602 | D:2      | Reached XP level 3. HP: 16/18 MP: 4/4
   642 | D:2      | Slain by a gnoll

Action                   || total
-------------------------++-------
Melee: Dagger            ||    83
 Stab: Sleeping          ||     5

Vault maps used:
D:1:      dpeg_arrival_simpleton_a
D:2:      marbit_many_paths, lemuel_crystal_altar, tgw_trog, uniq_terence
